 Dungeon Crawl Stone Soup version 0.31-a0-1207-g4ab8c38 (webtiles) character file.

Game seed: 4780556275430007902

1991019 Kearsarge the Merfolkian Porcupine (level 27, 323/323 HPs)
             Began as a Merfolk Fighter on Dec 13, 2023.
             Was an Initiate of Gozag.
             Escaped with the Orb
             ... and 3 runes!
             The game lasted 01:25:05 (50165 turns).

Kearsarge the Merfolkian Porcupine (MfFi)          Turns: 50165, Time: 01:25:06

Health: 323/323    AC: 42    Str: 28    XL:     27
Magic:  23/23      EV: 28    Int:  7    God:    Gozag
Gold:   2417       SH: 20    Dex: 18    Spells: 26/26 levels left

rFire   + . .        e - +9 demon trident (spect)
rCold   + + .        N - +5 kite shield {rPois}
rNeg    + + .        U - melded +10 plate armour of Hacutu {rC+}
rPois   ∞            R - +2 helmet
rElec   +            Y - +1 cloak of Panentheism {rF+}
rCorr   .            (gloves currently unavailable)
SInv    +            (boots currently unavailable)
Will    +++..        n - amulet of Onakkeig {-Cast rN+ Regen+ Slay+2}
Stlth   +            F - ring "Dieqoutu" {rElec rC+ Will+ Dex+2}
HPRegen 1.53/turn    c - ring of see invisible
MPRegen 0.18/turn

%: no spellcasting
@: statue-form, very slow
A: slow and powerful, torment resistance 1, boosted hp, (nimble swimmer 2),
mertail
0: Orb of Zot
}: 3/15 runes: decaying, silver, gossamer
a: Begin Untransformation, Renounce Religion, Potion Petition, Call Merchant,
Bribe Branch


You escaped.
You worshipped Gozag.
Gozag was most pleased with you.
You were a living statue of rough stone.
You visited 10 branches of the dungeon, and saw 48 of its levels.
You visited 1 ziggurat, and saw 9 of its levels.

You collected 26820 gold pieces.
You spent 3412 gold pieces at shops.
You paid 20991 gold pieces to Gozag.

Inventory:

Hand Weapons
 e - a +9 spectral demon trident (weapon)
Missiles
 o - 16 curare-tipped darts
 G - 4 throwing nets
Armour
 N - a +5 kite shield of poison resistance (worn)
 R - a +2 helmet (worn)
 U - the +10 plate armour of Hacutu (melded) {rC+}
   (You found it on level 5 of the Vaults)

   rC+:       It protects you from cold.
 Y - the +1 cloak of Panentheism (worn) {rF+}
   (You found it on level 2 of the Spider Nest)

   rF+:       It protects you from fire.
Jewellery
 c - a ring of see invisible (right fist)
 n - the amulet of Onakkeig (around neck) {-Cast rN+ Regen+ Slay+2}
   (You took it off an ironbound thunderhulk on level 3 of the Vaults)

   [amulet of regeneration]

   Slay+2:    It affects your accuracy & damage with ranged weapons and melee
   (+2).
   rN+:       It protects you from negative energy.
   -Cast:     It prevents spellcasting.
   Regen+:    It increases your rate of health regeneration.
 F - the ring "Dieqoutu" (left fist) {rElec rC+ Will+ Dex+2}
   (You took it off a frost giant on level 3 of the Vaults)

   [ring of protection from cold]

   Dex+2:     It affects your dexterity (+2).
   rC+:       It protects you from cold.
   rElec:     It insulates you from electricity.
   Will+:     It increases your willpower.
 J - the ring "Ejebarim" {rPois rN+ rCorr}
   (You took it off an ironbound preserver on level 3 of the Vaults)

   [ring of positive energy]

   rPois:     It protects you from poison rN+: It protects you from negative
   energy.
   rCorr:     It protects you from acid and corrosion.
 O - the ring "Warem" {+Blink rPois Will+ Int+4 Stlth-}
   (You found it on level 3 of the Vaults)

   [ring of poison resistance]

   Int+4:     It affects your intelligence (+4).
   rPois:     It protects you from poison Will+: It increases your willpower.
   +Blink:    It lets you blink.
   Stlth-:    It makes you less stealthy.
 V - the ring of Absolutism {Fly rElec Will+ Str-3 Slay+5}
   (You found it on level 3 of the Elven Halls)

   [ring of flight]

   Str-3:     It affects your strength (-3).
   Slay+5:    It affects your accuracy & damage with ranged weapons and melee
   (+5).
   rElec:     It insulates you from electricity.
   Will+:     It increases your willpower.
   Fly:       It grants you flight.
Talismans
 B - the granite talisman of the Glowing Gods (active) {rC+}
   (You found it on level 5 of the Vaults)

   [granite talisman]

   rC+:       It protects you from cold.
Wands
 j - a wand of flame (101)
 p - a wand of paralysis (40)
 q - a wand of iceblast (37)
 u - a wand of polymorph (19)
 S - a wand of acid (23)
 W - a wand of digging (8)
Scrolls
 b - 6 scrolls of blinking
 f - 6 scrolls of immolation
 g - a scroll of torment
 l - 6 scrolls of enchant weapon
 m - 7 scrolls of vulnerability
 r - a scroll of summoning
 x - a scroll of revelation
 y - 9 scrolls of teleportation
 z - 4 scrolls of noise
 C - 13 scrolls of amnesia
 D - 8 scrolls of fog
 M - 2 scrolls of enchant armour
 Q - a scroll of silence
 X - 6 scrolls of fear
Potions
 a - 4 potions of ambrosia
 d - 10 potions of heal wounds
 h - 6 potions of enlightenment
 i - 7 potions of lignification
 s - 6 potions of magic
 t - 16 potions of curing
 v - 4 potions of berserk rage
 w - 2 potions of cancellation
 A - 8 potions of attraction
 E - 3 potions of invisibility
 H - 5 potions of haste
 L - 4 potions of mutation
 P - 2 potions of resistance
 T - 4 potions of might
Miscellaneous
 I - a phial of floods
 K - a tin of tremorstones (2/2)
 Z - a phantom mirror


   Skills:
 O Level 27 Fighting
 O Level 27 Polearms
 - Level 6.6 Armour
 + Level 23.6 Dodging
 + Level 18.7 Shields
 - Level 24.1 Shapeshifting


You had 26 spell levels left.
You didn't know any spells.
Your spell library contained the following spells:

 Spells                   Type           Power      Damage    Failure   Level
 Apportation              Tloc           0%         N/A       52%         1
 Foxfire                  Conj/Fire      0%         2x1d4     52%         1
 Freeze                   Ice            0%         1d3       52%         1
 Kiss of Death            Conj/Necr      0%         2d5       52%         1
 Magic Dart               Conj           0%         1d3       52%         1
 Necrotise                Necr           0%         1d4       52%         1
 Shock                    Conj/Air       0%         1d3       52%         1
 Slow                     Hex            0%         N/A       52%         1
 Summon Small Mammal      Summ           0%         N/A       52%         1
 Blink                    Tloc           0%         N/A       65%         2
 Call Imp                 Summ           0%         N/A       65%         2
 Ensorcelled Hibernation  Hex/Ice        0%         N/A       65%         2
 Jinxbite                 Hex            0%         N/A       65%         2
 Lesser Beckoning         Tloc           0%         N/A       65%         2
 Searing Ray              Conj           0%         2d4       65%         2
 Wereblood                Tmut           0%         N/A       65%         2
 Call Canine Familiar     Summ           0%         N/A       87%         3
 Confusing Touch          Hex            0%         N/A       87%         3
 Dazzling Flash           Conj/Hex       0%         N/A       87%         3
 Frozen Ramparts          Ice            0%         1d1       87%         3
 Gell's Gravitas          Tloc           0%         N/A       87%         3
 Hailstorm                Conj/Ice       0%         3d5       87%         3
 Inner Flame              Hex/Fire       0%         N/A       87%         3
 Ozocubu's Armour         Ice            0%         N/A       87%         3
 Sigil of Binding         Hex            0%         N/A       87%         3
 Stone Arrow              Conj/Erth      0%         3d7       87%         3
 Summon Guardian Golem    Hex/Summ       0%         N/A       87%         3
 Swiftness                Air            0%         N/A       87%         3
 Teleport Other           Tloc           0%         N/A       87%         3
 Tukima's Dance           Hex            0%         N/A       87%         3
 Vampiric Draining        Necr           0%         2d6       87%         3
 Volatile Blastmotes      Fire/Tloc      0%         2d10      87%         3
 Airstrike                Air            0%         2d(0-16)  99%         4
 Anguish                  Hex/Necr       0%         N/A       99%         4
 Animate Armour           Summ/Erth      0%         N/A       99%         4
 Dispel Undead            Necr           0%         3d6       99%         4
 Flame Wave               Conj/Fire      0%         2d4       99%         4
 Fulminant Prism          Conj/Hex       0%         3d5       99%         4
 Leda's Liquefaction      Hex/Erth       0%         N/A       99%         4
 Manifold Assault         Tloc           0%         N/A       99%         4
 Olgreb's Toxic Radiance  Pois           0%         N/A       99%         4
 Passage of Golubria      Tloc           0%         N/A       99%         4
 Petrify                  Tmut/Erth      0%         N/A       99%         4
 Sticky Flame             Conj/Fire      0%         2d3       99%         4
 Summon Lightning Spire   Summ/Air       0%         N/A       99%         4
 Vhi's Electric Charge    Tloc/Air       0%         N/A       99%         4
 Agony                    Necr           0%         N/A       100%        5
 Arcjolt                  Conj/Air       0%         1d10      100%        5
 Freezing Cloud           Conj/Ice/Air   0%         6-21      100%        5
 Iskenderun's Battlesphe  Conj           0%         2d6       100%        5
 Lee's Rapid Deconstruct  Erth           0%         3d4*      100%        5
 Metabolic Englaciation   Hex/Ice        0%         N/A       100%        5
 Summon Forest            Summ/Tloc      0%         N/A       100%        5
 Summon Mana Viper        Hex/Summ       0%         N/A       100%        5
 Yara's Violent Unravell  Hex/Tmut       0%         3d3       100%        5
 Bombard                  Conj/Erth      0%         9d1       100%        6
 Dispersal                Tloc           0%         N/A       100%        6
 Plasma Beam              Fire/Air       0%         2x1d10    100%        6
 Starburst                Conj/Fire      0%         6d3       100%        6
 Summon Cactus Giant      Summ           0%         N/A       100%        6
 Enfeeble                 Hex            0%         N/A       100%        7
 Malign Gateway           Summ/Tloc      0%         N/A       100%        7
 Ozocubu's Refrigeration  Ice            0%         4d7       100%        7
 Spellforged Servitor     Conj/Summ      0%         N/A       100%        7
 Summon Hydra             Summ           0%         N/A       100%        7
 Discord                  Hex            0%         N/A       100%        8
 Disjunction              Tloc           0%         N/A       100%        8
 Ignition                 Fire           0%         3d3       100%        8
 Lehudib's Crystal Spear  Conj/Erth      0%         10d2      100%        8
 Maxwell's Capacitive Co  Air            0%         ∞         100%        8
 Summon Horrible Things   Summ           0%         N/A       100%        8
 Polar Vortex             Ice            0%         N/A       100%        9
 Sublimation of Blood     Necr           Unusable   N/A       N/A         2
 Simulacrum               Ice/Necr       Unusable   N/A       N/A         6

Dungeon Overview and Level Annotations

Branches:
Dungeon (15/15)            Temple (1/1) D:5            Lair (5/5) D:10
  Swamp (4/4) Lair:2       Spider (4/4) Lair:2        Slime (0/5) Lair:5
    Orc (2/2) D:10            Elf (3/3) Orc:2        Vaults (5/5) D:13
  Crypt (0/3) Vaults:3     Depths (4/4) D:15            Zot (5/5) Depths:4

Altars:
Ashenzari
Cheibriados
Dithmenos
Elyvilon
Fedhas
Gozag
Hepliaklqana
Kikubaaqudgha
Makhleb
Nemelex Xobeh
Okawaru
Qazlal
Ru
Sif Muna
Trog
Uskayaw
Vehumet
Wu Jian
Xom
Yredelemnul
Zin
The Shining One
Jiyva
Lugonu

Shops:
D:5 !   D:9 (   D:10 (   D:13 [   Orc:1 [=*   Orc:2 ([:*   Elf:1 *   Elf:3 :
Lair:2 =   Lair:3 (   Lair:4 =   Depths:1 [:

Portals:
Hell: Depths:1 Depths:2 Depths:3
Abyss: Lair:5 Depths:1 Depths:3
Pandemonium: Depths:2 Depths:3

Annotations:
Spider:3 1 runed translucent door, Lakky's ghost, journeyman DsFi
Elf:2 3 runed translucent doors


Innate Abilities, Weirdness & Mutations

You are a living statue of rough stone.
Your actions are slow, but your melee attacks are powerful.
You are resistant to unholy torment.
Your maximum health is greatly increased.
Your equipment is partially melded.
You are immune to poison.
((You are very nimble when in or above water. (Stealth+, EV+, Speed+++)))
Your lower body shifts to a powerful aquatic tail in water.


Message History

No target in view!
No target in view!
No target in view!
No target in view!
No target in view!
No target in view!
No target in view!
No target in view!
No target in view!
No target in view!
No target in view!
No target in view!
What level of the Dungeon? (default 1, ? - help)
You now have 2417 gold pieces (gained 25).
You see here 5 stones.
HP restored.
There is a stone staircase leading up here.
You climb upwards.
There is a stone staircase leading down here.
There is a stone staircase leading up here.
You climb upwards.
There is a stone staircase leading down here.
As you read the scroll of teleportation, it crumbles to dust.
You feel strangely unstable.
You feel the Orb delaying your translocation!
You start waiting.
Your surroundings suddenly seem different.
Your legs become a tail as you dive into the water.
Splash!
Blink to where?
Press: ? - help, Q - select action, (/) - cycle Dir - move target
As you read the scroll of blinking, it crumbles to dust.
Blink to where?
Press: ? - help, Q - select action, (/) - cycle Dir - move target
As you read the scroll of blinking, it crumbles to dust.
Blink to where?
Press: ? - help, Q - select action, (/) - cycle Dir - move target
As you read the scroll of blinking, it crumbles to dust.
There is a staircase leading out of the dungeon here.
You have escaped!

#............#.# #........
#............#.#####........
#...##.......#....##...##...
#...##...###...........##...
#...##...# #.........#######
#........###.......#..†.....
#........≈≈≈≈≈≈≈≈≈#####≈≈≈≈≈
###...###≈#######≈#~♣~# ####
#...# #≈#8...8####8####8..
##...###≈#.....'.......+...
#......#≈#8...8##8#'#8##8..
#......#≈###'######'######'
#......#≈#~#.##♣♣.....♣♣##.
#......#≈♣ 8.#♣~.......~♣#.
##......#≈#~#.8#.........#8.
#........≈###.##...~♣~...##.
#...####..§'..++...♣8♣...''.


There were no monsters in sight!

Vanquished Creatures
  A dread lich (Vaults:5)
  4 pandemonium lords
  An ancient lich (Zig:6)
  Mennas (Vaults:5)
  the Lernaean hydra (Swamp:4)
  Bai Suzhen (Vaults:4)
  Sojobo (Depths:3)
  Saint Roka (Vaults:4)
  2 curse toes
  5 golden dragons
  Arachne (Spider:2)
  An electric golem (Zot:5)
  A hellephant (D:15)
  9 tentacled monstrosities
  Mlioglotl (Swamp:1)
  3 deep elf master archers
  5 liches
  8 Orb Guardians
  2 deep elf blademasters (Elf:3)
  A quicksilver dragon (Depths:2)
  3 titans
  6 sphinxes
  2 walking divine tomes (Depths:3)
  2 tentacled starspawn (Zig:9)
  3 death cobs
  Frances (Elf:1)
  An Executioner (Zot:3)
  Aizul (Swamp:1)
  12 tengu reavers
  9 shadow dragons
  2 thorn hunters (Swamp:4)
  5 storm dragons
  7 draconian monks
  Donald (Vaults:2)
  2 draconian knights (Zot:3)
  A daeva (D:5)
  A rockslime (Zig:4)
  13 frost giants
  3 fire giants
  2 emperor scorpions
  23 vault wardens
  6 draconian scorchers
  4 balrugs
  7 deep elf sorcerers
  2 iron dragons
  A curse skull (Vaults:3)
  4 deep elf elementalists
  9 ghost moths
  2 draconian shifters
  2 draconian stormcallers
  2 reapers
  Louise (D:14)
  A spriggan defender (Depths:3)
  2 broodmothers
  3 draconian annihilators
  A demonspawn corrupter (Zig:9)
  2 war gargoyles (Vaults:4)
  2 formless jellyfish
  A quicksilver ooze (Zig:4)
  16 stone giants
  An orc warlord (Vaults:3)
  17 ironbound preservers
  9 deep elf demonologists
  8 ironbound thunderhulks
  3 vampire knights
  28 very ugly things
  A lorocyproca (Depths:3)
  3 deep elf annihilators (Elf:3)
  9 red draconians
  Azrael (Spider:2)
  7 eleionomae
  14 dire elephants
  4 green draconians
  8 black draconians
  5 yellow draconians
  6 white draconians
  3 purple draconians
  12 spark wasps
  7 bunyips
  11 deep elf death magi
  2 merfolk javelineers (Zig:5)
  A crystal guardian (Vaults:4)
  A blizzard demon (Depths:2)
  6 ettins
  5 entropy weavers
  20 yaktaur captains
  5 fire dragons
  5 deep elf high priests
  Josephine (Lair:4)
  8 great orbs of eyes
  A green death (Zig:9)
  27 vault guards
  A caustic shrike simulacrum (Depths:1)
  2 ghost crabs (Swamp:2)
  3 ice dragons
  10 ironbound frosthearts
  22 hydras
  8 alligators
  2 ogre magi
  4 jorogumos
  Erolcha (D:13)
  3 peacekeepers
  3 radroaches
  5 spriggan air magi
  A rakshasa (D:15)
  3 catoblepae
  A spriggan skeleton (Depths:2)
  15 centaur warriors
  7 two-headed ogres
  8 dancing weapons
  10 boulder beetles
  A two-headed ogre (shapeshifter) (Vaults:5)
  3 deep troll earth magi
  12 demonic crawlers
  A death scarab (Spider:4)
  13 tengu warriors
  4 vampire magi
  3 deep troll shamans
  5 hell hogs
  7 thrashing horrors
  2 orc high priests
  A storm dragon zombie (Depths:2)
  An occultist (Depths:2)
  15 spriggan berserkers
  4 soul eaters
  12 sun demons
  6 hell knights (Depths:2)
  9 deep elf knights
  9 pharaoh ants
  4 skysharks
  Sonja (Orc:2)
  4 shadow wraiths
  12 skeletal warriors
  A wretched star (Zig:9)
  5 iron trolls (Depths:2)
  A storm dragon skeleton (Vaults:3)
  A spark wasp zombie (D:15)
  5 spriggan druids
  2 deep trolls (shapeshifter)
  2 goliath frogs
  3 glowing orange brains
  12 swamp dragons
  A spatial maelstrom (Zig:9)
  14 bog bodies
  4 large abominations (Lair:5)
  22 ironbound convokers
  2 quicksilver dragon simulacra (Depths:2)
  9 orb spiders
  9 steelbarb worms
  36 deep trolls
  5 arcanists
  17 lindwurms
  6 phantasmal warriors
  A flayed ghost (Depths:3)
  10 deep elf archers
  An iron dragon zombie (Depths:1)
  20 deep elf pyromancers
  27 wolf spiders
  10 orc knights
  4 cyclopes
  9 necromancers
  4 orc sorcerers
  Pikel (D:7)
  13 moths of wrath
  2 fauns (shapeshifter) (Vaults:5)
  5 manticores
  22 deep elf zephyrmancers
  28 ugly things
  A cyclops (shapeshifter) (Depths:3)
  4 will-o-the-wisps
  15 vault sentinels
  3 black mambas
  A moth of wrath (shapeshifter) (Vaults:4)
  2 apocalypse crabs
  2 human skeletons
  3 rust devils
  4 torpor snails
  4 smoke demons
  An ice statue (Depths:2)
  14 cane toads
  3 kobold demonologists
  2 elf skeletons
  3 gargoyles
  2 hellions (D:5)
  8 unseen horrors (Depths:3)
  6 rime drakes
  32 yaktaurs
  12 komodo dragons
  Jeremiah (Lair:1)
  An efreet (D:14)
  A yaktaur zombie (Vaults:3)
  7 tengu conjurers
  3 freezing wraiths (Depths:2)
  4 starcursed masses (Zig:9)
  An ancient zyme (Zig:9)
  3 ice devils (Depths:2)
  A red devil (D:5)
  15 trolls
  A bloated husk (Swamp:3)
  6 meliai
  40 tarantellas
  4 polar bears
  Prince Ribbit (D:7)
  A meliai (shapeshifter) (Elf:2)
  10 tyrant leeches
  A wind drake (Zig:2)
  25 hornets
  25 blink frogs
  2 raiju (Lair:5)
  A snapping turtle (shapeshifter) (Vaults:5)
  3 spriggan zombies
  6 dream sheep (Lair:5)
  A fire giant simulacrum (Vaults:4)
  20 slime creatures
  35 jumping spiders
  Sigmund (D:3)
  3 shadows
  A frost giant simulacrum (Depths:2)
  27 culicivoras
  5 water elementals
  An air elemental (Elf:3)
  2 centaur simulacra
  12 small abominations (Lair:5)
  6 ynoxinuls
  24 spriggans
  22 yaks
  5 wyverns
  9 wraiths
  8 basilisks
  6 fire elementals
  2 steam dragons
  3 neqoxecs
  63 redbacks
  12 vampire mosquitoes
  2 wargs (Orc:2)
  A yaktaur simulacrum (Vaults:3)
  2 acid dragons
  17 swamp worms
  A spatial vortex (Zig:9)
  A chaos spawn (Lair:5)
  A swamp worm (shapeshifter) (Vaults:5)
  A glowing shapeshifter zombie (Depths:2)
  3 hell hounds (Spider:2)
  16 water moccasins
  8 swamp drakes
  An ice beast (D:8)
  35 orc warriors
  An elf simulacrum (Vaults:3)
  4 boggarts (Vaults:3)
  3 ettin simulacra
  A human zombie (Vaults:2)
  6 ogres
  A black bear (D:4)
  15 centaurs
  11 wolves
  A phantom (D:5)
  A lemure (D:7)
  3 kobold brigands
  A brain worm (D:7)
  14 bullfrogs
  2 earth elementals
  A gnoll sergeant (D:11)
  A glowing shapeshifter simulacrum (Depths:1)
  3 scorpions
  5 wights (D:8)
  5 killer bees (D:5)
  2 howler monkeys
  3 electric eels
  A jelly (D:6)
  A gnoll bouda (D:4)
  A hound (D:5)
  17 orc priests
  14 hell rats
  27 orc wizards
  4 sleepcaps
  Ijyb (D:3)
  Natasha (twice) (D:2)
  5 iguanas
  7 gnolls
  6 adders
  A shadow imp (D:6)
  2 white imps
  2 ufetubi (D:6)
  2 worms
  6 dart slugs
  71 orcs
  3 bats
  10 endoplasms
  6 giant cockroaches
  6 goblins
  8 hobgoblins
  13 kobolds
  A quokka (D:4)
  7 ball pythons
  7 frilled lizards
  A rat (shapeshifter) (D:15)
  8 rats
1975 creatures vanquished.

Vanquished Creatures (collateral kills)
  An orb of fire (Zot:5)
  2 Killer Klowns (Zot:5)
  7 Orb Guardians (Zot:5)
  A titan (Vaults:5)
  A tengu reaver (Vaults:5)
  2 storm dragons (Vaults:5)
  A very ugly thing (Vaults:5)
  A stone giant (Vaults:5)
  A green draconian (Zot:5)
  An ettin (Vaults:5)
  2 vault guards (Vaults:5)
  An ogre mage (Vaults:5)
  2 two-headed ogres (Vaults:5)
  An anaconda (shapeshifter) (Vaults:5)
  A shadow demon (Zot:5)
  A necromancer (Vaults:5)
  A phantasmal warrior (Vaults:5)
  A vault sentinel (Vaults:5)
  A freezing wraith (Vaults:5)
29 creatures vanquished.

Vanquished Creatures (others)
  A dread lich (Zot:5)
  An ancient lich (Vaults:5)
  2 Killer Klowns (Zot:5)
  Margery (Vaults:5)
  2 golden dragons
  A tentacled monstrosity (Zot:5)
  A quicksilver dragon (Zot:5)
  9 Orb Guardians (Zot:5)
  3 titans (Vaults:5)
  A sphinx (Vaults:5)
  A draconian knight (Zot:5)
  A draconian scorcher (Zot:5)
  A draconian stormcaller (Zot:5)
  2 draconian shifters (Zot:5)
  An ironbound preserver (Vaults:5)
  2 stone giants
  A very ugly thing (Vaults:5)
  A yellow draconian (Zot:5)
  2 white draconians (Zot:5)
  2 red draconians (Zot:5)
  2 ettins (Vaults:5)
  2 yaktaur captains (Vaults:5)
  A vault guard (Vaults:5)
  An ogre mage (Vaults:5)
  A two-headed ogre (Vaults:5)
  4 hell knights (Vaults:5)
  3 deep trolls (Vaults:5)
  A phantasmal warrior (Vaults:5)
  A necromancer (Vaults:5)
  A vault sentinel (Vaults:5)
  A bloated husk (Swamp:2)
  A hornet (Swamp:2)
  A sky beast (shapeshifter) (Vaults:5)
  An ettin simulacrum (Depths:2)
  9 foxfires
  56 spectral weapons
  4 starspawn tentacles (Swamp:1)
126 creatures vanquished.

Grand Total: 2130 creatures vanquished

Notes
Turn   | Place    | Note
-------+----------+-------------------------------------------
     0 | D:1      | Kearsarge the Merfolk Fighter began the quest for the Orb.
     0 | D:1      | Reached XP level 1. HP: 18/18 MP: 1/1
    94 | D:1      | Reached XP level 2. HP: 24/24 MP: 2/2
   383 | D:1      | Reached XP level 3. HP: 29/30 MP: 3/3
   763 | D:2      | Reached XP level 4. HP: 37/37 MP: 4/4
   941 | D:2      | Reached skill level 5 in Polearms
   977 | D:2      | Noticed Natasha
   983 | D:2      | Killed Natasha
  1366 | D:2      | Noticed Natasha
  1373 | D:2      | Killed Natasha
  1374 | D:2      | Reached XP level 5. HP: 37/43 MP: 5/5
  1536 | D:3      | Noticed Ijyb
  1548 | D:3      | Killed Ijyb
  1903 | D:3      | Noticed Sigmund
  1916 | D:3      | Killed Sigmund
  1917 | D:3      | Reached skill level 5 in Fighting
  1917 | D:3      | Reached XP level 6. HP: 51/51 MP: 6/6
  2014 | D:3      | You fall into a shaft and drop 1 floor!
  2020 | D:4      | Noticed a black bear
  2029 | D:4      | Killed a black bear
  2135 | D:4      | Reached XP level 7. HP: 54/56 MP: 7/7
  2431 | D:4      | Identified the +1 ring mail "Onoqi" {Harm rF+++ rC- Dex-5}
  3064 | D:3      | Found a sacrificial altar of Ru.
  3713 | D:4      | Reached XP level 8. HP: 52/65 MP: 8/8
  3830 | D:5      | Entered Level 5 of the Dungeon
  3850 | D:5      | Found a burning altar of Makhleb.
  3881 | D:5      | Reached skill level 10 in Polearms
  3980 | D:5      | Found a staircase to the Ecumenical Temple.
  3989 | Temple   | Entered the Ecumenical Temple
  4004 | Temple   | Became a worshipper of Gozag Ym Sagoz the Greedy
  4486 | D:5      | Found a basalt altar of Yredelemnul.
  4644 | D:5      | Found Besag's Distillery.
  4669 | D:5      | Bought a potion of invisibility for 112 gold pieces
  4669 | D:5      | Bought a potion of heal wounds for 70 gold pieces
  4717 | D:5      | Found a glowing golden altar of the Shining One.
  5193 | D:6      | Found a shimmering altar of Xom.
  5194 | D:6      | Found a hazy altar of Hepliaklqana.
  5195 | D:6      | Noticed a spectral ugly thing
  5309 | D:5      | Bought a potion of might for 56 gold pieces
  5309 | D:5      | Bought a potion of might for 56 gold pieces
  5671 | D:6      | Reached XP level 9. HP: 74/74 MP: 9/9
  6041 | D:7      | Noticed Joseph
  6042 | D:7      | Joseph changed into Joseph the polar bear
  6042 | D:7      | Noticed Joseph
  6066 | D:7      | Killed Joseph the polar bear
  6254 | D:7      | Noticed Prince Ribbit
  6263 | D:7      | Killed Prince Ribbit
  6438 | D:7      | Noticed Maurice
  6441 | D:7      | Maurice changed into Maurice the brain worm
  6441 | D:7      | Noticed Maurice
  6446 | D:7      | Killed Maurice the brain worm
  6687 | D:7      | Noticed Pikel
  6713 | D:7      | Killed Pikel
  6714 | D:7      | Reached XP level 10. HP: 65/83 MP: 10/10
  6960 | D:8      | Reached skill level 15 in Polearms
  7523 | D:8      | Found an ornate altar of the Wu Jian Council.
  7703 | D:8      | Reached skill level 10 in Fighting
  7812 | D:9      | Identified a scroll of acquirement
  7813 | D:9      | Acquired 611 gold pieces
  7899 | D:9      | Noticed a kobold demonologist
  7908 | D:9      | Killed a kobold demonologist
  8161 | D:9      | Found an iron altar of Okawaru.
  8642 | D:10     | Entered Level 10 of the Dungeon
  8818 | D:10     | Reached XP level 11. HP: 46/92 MP: 11/11
  8979 | D:10     | Found a staircase to the Orcish Mines.
  9477 | D:10     | Found a staircase to the Lair.
  9619 | D:11     | Noticed a red ugly thing
  9629 | D:11     | Killed a red ugly thing
  9928 | D:11     | Noticed a cyclops
  9939 | D:11     | Killed a cyclops
  9974 | D:11     | Noticed a two-headed ogre
  9989 | D:11     | Killed a two-headed ogre
 10019 | D:11     | Noticed a boulder beetle
 10046 | D:11     | Killed a boulder beetle
 10235 | D:11     | Noticed a two-headed ogre
 10235 | D:11     | Noticed a manticore
 10242 | D:11     | Killed a two-headed ogre
 10246 | D:11     | Killed a manticore
 10389 | D:11     | Noticed a centaur warrior
 10390 | D:11     | Noticed a deep elf pyromancer
 10390 | D:11     | Noticed a green ugly thing
 10390 | D:11     | Noticed a catoblepas
 10391 | D:11     | Noticed a catoblepas
 10398 | D:11     | Killed a deep elf pyromancer
 10404 | D:11     | Killed a centaur warrior
 10783 | D:11     | Reached skill level 1 in Dodging
 10783 | D:11     | Reached XP level 12. HP: 94/103 MP: 12/12
 11418 | Orc:1    | Entered Level 1 of the Orcish Mines
 11914 | Orc:1    | Bought a scroll of blinking for 135 gold pieces
 12220 | Orc:2    | Entered Level 2 of the Orcish Mines
 12232 | Orc:2    | Reached skill level 5 in Dodging
 12721 | Orc:2    | Noticed an orc high priest
 12732 | Orc:2    | Noticed an orc warlord
 12734 | Orc:2    | Killed an orc high priest
 13038 | Orc:2    | Noticed Sonja
 13079 | Orc:2    | Killed Sonja
 14304 | Orc:2    | Found Sef Jay's Book Emporium.
 14320 | Orc:2    | Found Eboisuss's Antique Weapon Emporium.
 14399 | Orc:2    | Found Onki's General Store.
 14406 | Orc:2    | Bought a potion of heal wounds for 65 gold pieces
 14415 | Orc:2    | Found a staircase to the Elven Halls.
 14511 | Orc:2    | Found Yplatat's Antique Armour Emporium.
 14517 | Orc:2    | Bought a scorched troll leather armour for 660 gold pieces
 14517 | Orc:2    | Identified the +2 troll leather armour of Makhleb's Grace
                  | {rElec rPois Regen+ Dex-4 Stlth+} (You bought it in a shop
                  | on level 2 of the Orcish Mines)
 14628 | Lair:1   | Entered Level 1 of the Lair of Beasts
 14771 | Lair:1   | Reached XP level 13. HP: 106/113 MP: 13/13
 14944 | Lair:1   | Reached skill level 10 in Dodging
 15090 | Lair:1   | Noticed Jeremiah
 15108 | Lair:1   | Killed Jeremiah
 15109 | Lair:1   | Reached skill level 15 in Fighting
 15304 | Lair:2   | Found a hole to the Spider Nest.
 15570 | Lair:2   | Found a dark tunnel.
 15727 | Lair:2   | Found a staircase to the Swamp.
 16237 | Lair:3   | Noticed Urug
 16347 | Lair:3   | Urug changed into Urug the swamp dragon
 16347 | Lair:3   | Noticed Urug
 16358 | Lair:3   | Killed Urug the swamp dragon
 16712 | Lair:3   | Found a frozen archway.
 16712 | Lair:3   | Found a blossoming altar of Fedhas.
 17168 | Lair:4   | Reached XP level 14. HP: 130/130 MP: 14/14
 17247 | Lair:4   | You fall into a shaft and drop 1 floor!
 17247 | Lair:5   | Entered Level 5 of the Lair of Beasts
 17429 | Lair:5   | Acquired 294 gold pieces
 17454 | Lair:4   | Noticed Josephine
 17511 | Lair:4   | Killed Josephine
 18984 | Lair:5   | Found a corrupted altar of Lugonu.
 18995 | Lair:5   | Found a one-way gate to the infinite horrors of the Abyss.
 19234 | Lair:5   | Found a viscous altar of Jiyva.
 19243 | Lair:5   | Found a staircase to the Slime Pits.
 19557 | D:11     | Reached XP level 15. HP: 144/144 MP: 15/15
 20538 | D:13     | Found a gate to the Vaults.
 20570 | D:13     | Reached skill level 5 in Shields
 20755 | D:13     | Noticed Erolcha
 20765 | D:13     | Killed Erolcha
 22013 | D:14     | Noticed Louise
 22033 | D:14     | Killed Louise
 22287 | D:15     | Entered Level 15 of the Dungeon
 22333 | D:15     | Identified the +10 trident "Reptuv" {vamp, Int+4 Dex+3}
 22360 | D:15     | Found a staircase to the Depths.
 22643 | D:15     | Reached XP level 16. HP: 140/152 MP: 16/16
 23406 | Swamp:1  | Entered Level 1 of the Swamp
 23498 | Swamp:1  | Noticed Mlioglotl
 23599 | Swamp:1  | Noticed a tentacled starspawn
 23616 | Swamp:1  | Reached skill level 15 in Dodging
 23779 | Swamp:1  | Identified the serpent talisman of the King of the Hill
                  | {rElec rC+ Int+3 Slay+2}
 23779 | Swamp:1  | Noticed Aizul
 23795 | Swamp:1  | Killed Aizul
 23796 | Swamp:1  | Reached skill level 10 in Shields
 24053 | Swamp:1  | Noticed a tentacled starspawn
 24078 | Swamp:1  | Killed Mlioglotl
 24941 | Swamp:2  | Identified the +11 falchion "Aquqikh" {freeze, rElec Will+
                  | Stlth+}
 25503 | Swamp:3  | Reached XP level 17. HP: 143/158 MP: 17/17
 25965 | Swamp:4  | Entered Level 4 of the Swamp
 26775 | Swamp:4  | Noticed the 27-headed Lernaean hydra
 26798 | Swamp:4  | Killed the 27-headed Lernaean hydra
 26893 | Swamp:4  | Got a decaying rune of Zot
 27346 | Lair:2   | Bought the ring "Ryer" {rF+ AC+4 Str+2} for 813 gold pieces
 27389 | Spider:1 | Entered Level 1 of the Spider Nest
 27533 | Spider:1 | You fall into a shaft and drop 1 floor!
 27533 | Spider:2 | Noticed Azrael
 27573 | Spider:2 | Killed Azrael
 27638 | Spider:2 | Noticed Arachne
 27657 | Spider:2 | Killed Arachne
 27719 | Spider:2 | Identified the +1 cloak of Panentheism {rF+}
 28142 | Spider:1 | Reached XP level 18. HP: 166/169 MP: 18/18
 30372 | Spider:3 | Found a runed translucent door.
 30373 | Spider:3 | Noticed Lakky's ghost (journeyman DsFi)
 31063 | Spider:4 | Entered Level 4 of the Spider Nest
 31837 | Spider:4 | Reached XP level 19. HP: 110/178 MP: 0/19
 32030 | Spider:4 | Identified the +4 pair of gloves "Nanorode" {Harm rPois
                  | Str-5 Slay+6}
 32035 | Spider:4 | Identified the +1 pair of boots "Punluh" {Int+3 Dex+4}
 32080 | Spider:4 | Got a gossamer rune of Zot
 32438 | Elf:1    | Entered Level 1 of the Elven Halls
 32532 | Elf:1    | Noticed Frances
 32540 | Elf:1    | Killed Frances
 32707 | Elf:1    | Identified the +6 battleaxe "Feivyosa" {elec, rElec rF-
                  | rN+++ Int-2}
 32963 | Elf:1    | Found Fowimn's General Store.
 33830 | Elf:2    | Reached skill level 27 in Polearms
 34052 | Elf:2    | Found a huge runed translucent gate.
 34052 | Elf:2    | Found a huge runed translucent gate.
 34080 | Elf:2    | Found a huge runed translucent gate.
 34220 | Elf:3    | Entered Level 3 of the Elven Halls
 34234 | Elf:3    | Paralysed by an air elemental for 1 turns
 34621 | Elf:3    | Identified the +9 short sword of Recklessness {flame, rF-
                  | rCorr Str+2 Int+3}
 34668 | Elf:3    | Reached XP level 20. HP: 75/170 MP: 20/20
 34762 | Elf:3    | Identified the +7 scimitar of Amortisation {protect, *Rage
                  | Str+9}
 34913 | Elf:3    | Identified the ring of Absolutism {Fly rElec Will+ Str-3
                  | Slay+5}
 34977 | Elf:3    | Identified the ring "Ofiaxzus" {*Slow rElec rPois Str-4
                  | Dex+6}
 35001 | Elf:3    | Identified the +6 orcbow of the Devouring Viper {antimagic,
                  | rN+++ rCorr Str-4 Dex-2}
 35148 | Elf:3    | Found the +7 mace of Variability {chaos, chaos arc}
 35158 | Elf:3    | Identified the +4 whip "Pohirud" {speed, rElec rN++ Str-4
                  | SInv}
 35207 | Elf:3    | Found Bomaokh's Book Shop.
 35647 | Orc:1    | Bought a +2 chain mail of cold resistance for 387 gold
                  | pieces
 35678 | Orc:1    | Bought an amulet of regeneration for 450 gold pieces
 35691 | Orc:1    | Bought a transparent cloak for 266 gold pieces
 35691 | Orc:1    | Identified the -2 cloak "Zaeditips" {Slay+3} (You bought it
                  | in a shop on level 1 of the Orcish Mines)
 35806 | Vaults:1 | Entered Level 1 of the Vaults
 36390 | Vaults:1 | Identified the +7 war axe "Fidalecops" {heavy, rC++ Int+7
                  | Dex-3}
 37447 | Vaults:2 | Reached skill level 27 in Fighting
 37827 | Vaults:2 | Found a runed translucent door.
 37840 | Vaults:2 | Noticed Donald
 37852 | Vaults:2 | Killed Donald
 37883 | Vaults:2 | Reached skill level 5 in Armour
 37901 | Vaults:2 | Reached XP level 21. HP: 200/204 MP: 21/21
 39085 | Vaults:3 | Identified the amulet of Onakkeig {-Cast rN+ Regen+ Slay+2}
 39334 | Vaults:3 | Found a staircase to the Crypt.
 39892 | Vaults:3 | Identified the ring "Ejebarim" {rPois rN+ rCorr}
 39893 | Vaults:3 | Identified the ring "Dieqoutu" {rElec rC+ Will+ Dex+2}
 40018 | Vaults:3 | Identified the +1 leather armour of Gehenna {Fly}
 40026 | Vaults:3 | Identified the ring "Warem" {+Blink rPois Will+ Int+4
                  | Stlth-}
 40284 | Vaults:4 | Identified the +5 morningstar "Mailocu" {vamp, rC+ Int+3}
 40620 | Vaults:4 | Noticed a golden dragon
 40633 | Vaults:4 | Killed a golden dragon
 40668 | Vaults:4 | Noticed Saint Roka
 40908 | Vaults:4 | Reached XP level 22. HP: 185/212 MP: 22/22
 41023 | Vaults:4 | Killed Saint Roka
 41459 | Vaults:4 | Noticed Bai Suzhen
 41473 | Vaults:4 | Killed Bai Suzhen
 41797 | Vaults:5 | Entered Level 5 of the Vaults
 41828 | Vaults:5 | Reached skill level 15 in Shields
 41854 | Vaults:5 | Identified the granite talisman of the Glowing Gods {rC+}
 41877 | Vaults:5 | Reached skill level 1 in Shapeshifting
 41987 | Vaults:5 | Reached skill level 5 in Shapeshifting
 42025 | Vaults:5 | Noticed Margery
 42066 | Vaults:5 | Got a silver rune of Zot
 42097 | Vaults:5 | Identified the +2 robe of Naitausa {+Blink rElec Int+4
                  | Dex-2}
 42103 | Vaults:5 | Noticed a golden dragon
 42109 | Vaults:5 | Killed a golden dragon
 42125 | Vaults:5 | Noticed a golden dragon
 42131 | Vaults:5 | Killed a golden dragon
 42337 | Vaults:5 | Noticed an ancient lich
 42344 | Vaults:5 | Noticed Mennas
 42366 | Vaults:5 | Killed Mennas
 42447 | Vaults:5 | Noticed a dread lich
 42454 | Vaults:5 | Reached skill level 10 in Shapeshifting
 42475 | Vaults:5 | Your ally Margery died
 42611 | Vaults:5 | Identified the +4 mace of Mandamus {flame, Dex+4 SInv}
 42646 | Vaults:5 | Identified the +5 war axe "Supees" {freeze, +Blink rC+}
 42707 | Vaults:5 | Found the +3 Elemental Staff {ele, rElec rF+ rC+ AC+3}
 42726 | Vaults:5 | Identified the +2 rapier of Nexey {holy, +Blink Will+}
 42812 | Vaults:5 | Killed a dread lich
 42813 | Vaults:5 | Reached XP level 23. HP: 217/219 MP: 23/23
 42919 | Vaults:5 | Identified the staff of Death {rC+ Will- Int+5 Hexes Ice}
 43240 | Vaults:5 | Got the Enchiridion on Hail
 43242 | Vaults:5 | Identified the +10 plate armour of Hacutu {rC+}
 43337 | Vaults:5 | Identified the ring "Qanwo" {rCorr EV+5}
 43681 | Vaults:5 | Identified the storm talisman of Ibetae {Will+++ Dex-4 SInv
                  | Stlth+}
 44106 | Depths:1 | Entered Level 1 of the Depths
 44152 | Depths:1 | Reached skill level 15 in Shapeshifting
 44301 | Depths:1 | Found a hide-covered altar of Uskayaw.
 44360 | Depths:1 | Found Ybrirul's Book Emporium.
 44360 | Depths:1 | Found Gazoz's Antique Armour Shoppe.
 44395 | Depths:1 | Bought a pair of spiked gloves for 342 gold pieces
 44395 | Depths:1 | Identified the +4 pair of gloves of Vehumet's Esteem {rPois
                  | rF+} (You bought it in a shop on level 1 of the Depths)
 44817 | Depths:1 | Found a gateway to Hell.
 45447 | Depths:2 | Found a radiant altar of Vehumet.
 45518 | Depths:2 | Noticed a golden dragon
 45531 | Depths:2 | Killed a golden dragon
 45573 | Depths:2 | Reached XP level 24. HP: 109/227 MP: 11/23
 45748 | Depths:2 | Found a shimmering altar of Xom.
 45851 | Depths:2 | Identified the +1 pair of boots "Leshoe" {rN++ Int+3
                  | Slay+3}
 45931 | Depths:2 | Found an ornate altar of the Wu Jian Council.
 46086 | Depths:2 | Found a burning altar of Makhleb.
 46086 | Depths:2 | Found a one-way gate leading to the halls of Pandemonium.
 46881 | Depths:3 | Found a one-way gateway to a ziggurat.
 46893 | Zig:1    | Entered Level 1 of a ziggurat
 46894 | Zig:1    | Found the +7 great mace "Undeadhunter" {deathbane, rN+}
 46917 | Zig:2    | Entered Level 2 of a ziggurat
 46954 | Zig:2    | Identified the +0 robe of Kiyxuev {Stlth+}
 46959 | Zig:3    | Entered Level 3 of a ziggurat
 46996 | Zig:4    | Entered Level 4 of a ziggurat
 47047 | Zig:4    | Identified the amulet "Pucocs" {RegenMP Rampage rC+}
 47054 | Zig:5    | Entered Level 5 of a ziggurat
 47168 | Zig:6    | Entered Level 6 of a ziggurat
 47176 | Zig:6    | Noticed an ancient lich
 47195 | Zig:6    | Killed an ancient lich
 47244 | Zig:6    | Got the Secrets of the Union
 47250 | Zig:6    | Identified the +3 war axe "Modetenu" {holy, Dex+4}
 47262 | Zig:7    | Entered Level 7 of a ziggurat
 47343 | Zig:7    | Identified the +3 leather armour of the Ward {rF++ Int-3}
 47348 | Zig:8    | Entered Level 8 of a ziggurat
 47481 | Zig:8    | Found the +8 demon blade "Leech" {evervamp, Harm ^Drain
                  | rN+}
 47486 | Zig:8    | Identified the +7 broad axe of Starshine {holy, Str+2}
 47498 | Zig:9    | Entered Level 9 of a ziggurat
 47614 | Depths:3 | Reached XP level 25. HP: 234/234 MP: 23/23
 47616 | Depths:3 | Reached XP level 26. HP: 242/242 MP: 23/23
 47754 | Depths:3 | Identified the +9 mace "Kuwnonoi" {drain, Will+ Str+3
                  | Dex-5}
 47756 | Depths:3 | Identified the +5 plate armour of the Villain {Int+5}
 47849 | Depths:3 | Reached XP level 27. HP: 249/249 MP: 23/23
 48060 | Depths:3 | Found a blossoming altar of Fedhas.
 48079 | Depths:3 | Noticed Sojobo
 48083 | Depths:3 | Paralysed by an air elemental for 1 turns
 48084 | Depths:3 | Killed Sojobo
 48323 | Depths:4 | Entered Level 4 of the Depths
 48437 | Depths:4 | Found a gate to the Realm of Zot.
 48490 | Zot:1    | Entered Level 1 of the Realm of Zot
 49085 | Zot:5    | Entered Level 5 of the Realm of Zot
 49319 | Zot:5    | Killed a dread lich
 49531 | Zot:5    | Noticed an orb of fire
 49569 | Zot:5    | Noticed an orb of fire
 49572 | Zot:5    | Noticed an orb of fire
 49584 | Zot:5    | Killed an orb of fire
 49587 | Zot:5    | Got the Orb of Zot
 49650 | Zot:3    | Noticed Quimazawn the pandemonium lord
 49661 | Zot:3    | Killed Quimazawn the pandemonium lord
 49722 | Depths:3 | Noticed Gejer the pandemonium lord
 49730 | Depths:3 | Killed Gejer the pandemonium lord
 49836 | Depths:1 | Noticed Riusad the pandemonium lord
 49844 | Depths:1 | Killed Riusad the pandemonium lord
 49870 | D:15     | Noticed Gurasew the pandemonium lord
 49876 | D:15     | Killed Gurasew the pandemonium lord
 50165 | D:$      | Escaped with the Orb!

Illustrated notes

Levels and vault maps discovered:
D:1:      saegor_arrival_fortress, layout_basic
D:2:      layout_loops_corners, serial_forest, infiniplex_forest_clump_cross,
          infiniplex_forest_straight_1, infiniplex_forest_lined_2,
          infiniplex_forest_clump_small, infiniplex_forest_clump_medium,
          infiniplex_forest_lined_corner, infiniplex_forest_lined_2,
          infiniplex_forest_clump_small, uniq_natasha
D:3:      layout_basic, nicolae_ru_path_of_blood,
          amcnicky_mini_corridor_feature, uniq_sigmund, uniq_ijyb
D:4:      layout_basic
D:5:      layout_basic, overflow_temple_1_default, nicolae_tso_carved_into_rock,
          yredelemnul_altar_generic, minmay_temple_entry_junction_2,
          serial_glass, glass_columns_c, glass_columns_b, glass_columns_b,
          glass_columns_b, glass_columns_c, glass_columns_b, serial_shops,
          nicolae_shop_tiny_waterfront
D:6:      layout_loops_ring, regret_index_temple_of_mockery
D:7:      layout_basic, minmay_misc_feat_alley, uniq_prince_ribbit1,
          uniq_maurice, uniq_joseph, uniq_pikel
D:8:      layout_loops_ring, nicolae_wu_jian_immortal_techniques
D:9:      layout_cave_pools, mainiacjoe_overflow_tiny_flanked
D:10:     layout_rooms, lair_entry_dummy, david_orc_2, serial_aquarium,
          aquarium_bridge_long_joined [aquarium_subvault_bridge,
          aquarium_subvault_bridge, aquarium_subvault_window,
          aquarium_subvault_window, aquarium_subvault_bridge,
          aquarium_subvault_wall], aquarium_window_fake, aquarium_window_1,
          aquarium_window_fake, aquarium_window_2, aquarium_view_2a
D:11:     minmay_the_grid_octo_2x2 [minmay_the_grid_octo_horde,
          minmay_the_grid_octo_checkered, minmay_the_grid_octo_clover_2,
          minmay_the_grid_octo_prize_big_c], layout_rooms
D:12:     layout_long_grid
D:13:     layout_irregular_city, skrybe_vaults_entry_preservation, uniq_erolcha
D:14:     layout_stronghold, serial_glass, glass_columns_a, glass_columns_a,
          uniq_louise
D:15:     gammafunk_depths_entry_grave, layout_basic, serial_aquarium,
          aquarium_bridge_square [aquarium_subvault_window,
          aquarium_subvault_wall, aquarium_subvault_wall,
          aquarium_subvault_bridge], aquarium_window_corner, aquarium_window_2,
          aquarium_view_2d, kb_tengu_band
Temple:   zaba_magenta_temple
Lair:1:   layout_cave_shapes, cheibrodos_lair_caveside_slide, uniq_jeremiah
Lair:2:   layout_layer_cave, skrybe_swamp_entry_bodies,
          nicolae_spider_entry_tight_spaces, nicolae_volcano_entry_two_sided,
          eino_small_chamber_without_monster, nicolae_quartered_pool_little,
          infiniplex_staircase_pool_2, grunt_megastairs_5, serial_bayou_shore_a
Lair:3:   layout_gridlike, portal_ice_cave_entry_pillars_2, basic_altar,
          uniq_urug
Lair:4:   layout_cave_pods, grunt_megastairs_4, lemuel_fruit_fields,
          uniq_josephine
Lair:5:   hellmonk_lair_end_abyssal_woods, layout_loops_ring,
          dpeg_slime_entry_corner, serial_bayou_crossing
Swamp:1:  layout_basic_swamp, nicolae_swamp_small_spring, uniq_mlioglotl,
          uniq_aizul
Swamp:2:  layout_basic_swamp, nicolae_swamp_well_well_well
Swamp:3:  layout_basic_swamp, evilmike_swamp_ruin_wall
Swamp:4:  grunt_swamp_rune_castle, layout_basic_swamp
Spider:1: layout_chambers
Spider:2: cheibrodos_spider_silkery, uniq_arachne, uniq_azrael
Spider:3: layout_spider_delve, ebering_ghost_reflecting_pool,
          hellmonk_narrow_tunnel
Spider:4: spider_rune_water
Orc:1:    layout_caves, nicolae_orc_lost_temple
Orc:2:    grunt_orc_cross, layout_caves, basic_altar, mines2_david, uniq_sonja
Elf:1:    minmay_elf_arrival_summoners, layout_loops_corners, serial_shops,
          nicolae_diamond_shop, minivault_28, fountainhead, amethyst_killhole,
          uniq_frances
Elf:2:    elven_hall_of_blades_hangedman_alternative
          [nicolae_blade_entry_pointy_end], layout_geoelf_grid,
          roderic_lattice_octagonal_star
Elf:3:    grunt_elf_hall_branching, layout_geoelf_octagon, serial_shops,
          nicolae_shop_crystal, hex_tiny
Vaults:1: vaults_room_door_hall, nicolae_vaults_mitosis,
          nicolae_vaults_octothorpe, vaults_dpeg_cross, grunt_vaults_swirl,
          nicolae_vaults_tetromino_Z_1,
          nicolae_vaults_variable_pillar_hall_cross, nicolae_vaults_wine_cellar,
          nicolae_vaults_tetromino_T_1, nicolae_vaults_six-pack,
          vaults_standard_mumra_enter_the_diamond, layout_vaults_maze_bifur
Vaults:2: vaults_room_semicircle, vaults_mumra_minichess_inversion,
          nicolae_vaults_diagonal_hallway_9, hangedman_vaults_stagger,
          vaults_standard_mumra_x, dpeg_vaults_monster_box,
          nicolae_vaults_yaktaur_gun_rack, ontoclasm_vaults_gateway, v_rooms_5,
          nicolae_vaults_oozy_zoo, nicolae_vaults_two_Ls,
          layout_vaults_omnigrid, uniq_donald
Vaults:3: nicolae_vaults_storage_room_water, nicolae_vaults_closet_pinwheel_2,
          minmay_crypt_entry_simple_round, v_alt_pattern_3,
          nicolae_vaults_three_branches, vaults_mumra_lcd,
          nicolae_vaults_surprise_closet, ontoclasm_vaults_shuriken,
          nicolae_vaults_storing_the_good_stuff, hangedman_vaults_snaps,
          layout_vaults_omnicross
Vaults:4: nicolae_vaults_closet_pinwheel_3, v_misc_30,
          hangedman_vaults_variations, vaults_standard_mumra_enter_the_diamond,
          v_rooms_6, dpeg_vaults_pockets_of_resistance,
          nicolae_vaults_shelves_hall, nicolae_vaults_tetromino_L_1,
          ontoclasm_vaults_eye, layout_vaults_chaotic_city, uniq_saint_roka,
          uniq_bai_suzhen
Vaults:5: uniq_mennas, uniq_margery
Depths:1: layout_honeycomb, abyss_entry, nrook_mini_backslash, hell_entry,
          nicolae_uskayaw_murder_on_the_dancefloor, grunt_megastairs_1,
          minmay_shoptagon
Depths:2: grunt_profane_halls [grunt_profane_temple_geh,
          grunt_profane_temple_coc, grunt_profane_temple_tar,
          grunt_profane_temple_dis, grunt_profane_loot], hell_entry, pan_entry
Depths:3: minmay_sliced_demisemicircle, layout_gridlike, enter_ziggurat_e,
          hangedman_abyss_entry_splay, fedhas_altar_1, grunt_pan_entry_sceptre,
          hell_entry, due_unseen_surprise, firewood_loft, uniq_sojobo
Depths:4: grunt_twist_and_shout, layout_gridlike, hell_entry,
          lemuel_crystal_altar, serial_library_hellmonk_layered_room, uniq_grunn
Zot:1:    layout_misc_corridors
Zot:2:    gammafunk_mikee_crab_dinner, layout_onion, bh_zot_lava_cross,
          grunt_ministairs_15
Zot:3:    layout_gridlike
Zot:4:    layout_gridlike, regret_index_zotdec_ceiling_fans
Zot:5:    layout_misc_corridors, nicolae_zig_zag_zippers

Skill      XL: |  1  2  3  4  5  6  7  8  9 10 11 12 13 14 15 16 17 18 19 20 21 22 23 24 25 26 27 |
---------------+----------------------------------------------------------------------------------+-----
Polearms       | 3 4 5 7 8 9 12 14 17 19 20 23 25 27 | 27.0
Fighting       | 4 5 6 7 9 10 12 14 18 21 22 23 25 27 | 27.0
Dodging        | 1 9 10 14 15 17 19 23 | 23.6
Shields        | 8 12 14 15 18 | 18.7
Armour         | 5 6 |  6.6
Shapeshifting  | 11 18 23 24 | 24.1

Action                     |  1- 3 |  4- 6 |  7- 9 | 10-12 | 13-15 | 16-18 | 19-21 | 22-24 | 25-27 || total
---------------------------+-------+-------+-------+-------+-------+-------+-------+-------+-------++-------
  Melee: Trident           |   112 |    92 |   454 |   809 |   294 |       |       |       |       ||  1761
         Demon trident     |       |       |       |       |   839 |  1463 |  1279 |   969 |   466 ||  5016
         Tailslap          |       |       |       |       |     7 |    41 |     1 |       |     2 ||    51
  Throw: Dart              |       |     2 |       |    21 |     1 |       |       |       |       ||    24
         Throwing net      |       |     1 |       |       |       |       |       |       |       ||     1
 Invoke: Call Merchant     |       |       |       |     3 |     3 |     1 |     2 |       |       ||     9
         Potion Petition   |       |       |       |       |       |       |       |     3 |       ||     3
         Bribe Branch      |       |       |       |       |       |       |       |     1 |     2 ||     3
  Evoke: Wand              |       |       |    19 |    33 |     1 |     5 |     6 |     4 |     2 ||    70
         Phial of floods   |       |       |       |       |       |       |     1 |     1 |       ||     2
    Use: Scroll            |     3 |     4 |     6 |    19 |    16 |    12 |    14 |    15 |    10 ||    99
         Potion            |       |     1 |     2 |     8 |     6 |     6 |     9 |     5 |     3 ||    40
   Stab: Held in net/web   |       |     1 |       |       |       |       |       |       |       ||     1
         Distracted        |       |       |     2 |     2 |    12 |    12 |    10 |    40 |    16 ||    94
         Paralysed         |       |       |       |    23 |       |       |       |       |       ||    23
         Invisible         |       |       |       |    16 |       |     8 |     6 |     1 |       ||    31
         Sleeping          |       |       |       |       |    21 |     9 |     4 |       |       ||    34
         Petrified         |       |       |       |       |     6 |       |       |       |       ||     6
         Confused          |       |       |       |       |       |     1 |       |     1 |       ||     2
 Armour: Scale mail        |    36 |    28 |   238 |   214 |       |       |       |       |       ||   516
         Robe              |       |       |       |    71 |       |       |       |       |       ||    71
         Troll leather arm |       |       |       |    11 |   370 |   637 |   123 |       |       ||  1141
         Chain mail        |       |       |       |       |       |       |   290 |   121 |       ||   411
         Skin              |       |       |       |       |       |       |       |   225 |   234 ||   459
         Plate armour      |       |       |       |       |       |       |       |    43 |       ||    43
  Dodge: Dodged            |    40 |    18 |   131 |   247 |   389 |   527 |   262 |   337 |   297 ||  2248
  Block: Buckler           |    16 |    12 |    71 |    42 |       |    90 |       |       |       ||   231
         Kite shield       |       |       |       |   178 |   488 |   838 |   457 |   531 |   333 ||  2825
         Reflection        |       |       |       |       |    30 |    15 |    26 |       |       ||    71
   Form: Statue            |       |       |       |       |       |       |       |     2 |       ||     2
                           |       |       |       |       |       |       |       |     1 |       ||     1

Table legend: (Time is in decaauts)
 A = Elapsed time spent in this place.
 B = Non-inter-level travel time spent in this place.
 C = Inter-level travel time spent in this place.
 D = Time resting spent in this place.
 E = Time spent auto-exploring this place.
 F = Levels seen in this place.
 G = Mean time per level.
                   A        B        C        D        E       F      G
               +--------+--------+--------+--------+--------+-----+--------+
         Total |  50305 |  46431 |   3874 |   3273 |  32427 |  57 |  882.5 |
       Dungeon |  15715 |  14489 |   1226 |    923 |  11026 |  15 | 1047.7 |
        Temple |     30 |      2 |     28 |      0 |      0 |   1 |   30.0 |
          Lair |   4995 |   4556 |    439 |    229 |   3153 |   5 |  999.0 |
         Swamp |   3206 |   3060 |    146 |    285 |   2022 |   4 |  801.5 |
   Spider Nest |   4584 |   4331 |    253 |    350 |   2817 |   4 | 1146.0 |
  Orcish Mines |   3168 |   2711 |    457 |    562 |   1466 |   2 | 1584.0 |
   Elven Halls |   3003 |   2563 |    440 |    274 |   1622 |   3 | 1001.0 |
        Vaults |   7831 |   7551 |    280 |    322 |   5553 |   5 | 1566.2 |
        Depths |   5131 |   4812 |    319 |    216 |   3391 |   4 | 1282.8 |
           Zot |   1638 |   1355 |    283 |    109 |    760 |   5 |  327.6 |
      Ziggurat |    998 |    998 |      0 |      0 |    613 |   9 |  110.9 |
               +--------+--------+--------+--------+--------+-----+--------+

Top non-repeatable levels by time:
   Orc:2: 2360 daAuts
Vaults:5: 1939 daAuts
Vaults:2: 1842 daAuts
Depths:2: 1803 daAuts
    D:11: 1660 daAuts
Vaults:4: 1577 daAuts
Depths:3: 1568 daAuts
    D:10: 1560 daAuts
     D:4: 1515 daAuts
Depths:1: 1510 daAuts
Vaults:3: 1422 daAuts
Spider:3: 1368 daAuts
  Lair:5: 1300 daAuts
  Lair:2: 1233 daAuts
     D:5: 1220 daAuts
